 Dungeon Crawl Stone Soup version 0.31.0-11-ge490571c62 (webtiles) character file.

Game seed: 9639625234137800445

22 SnakkuSnakku7 the Ducker (level 2, 0/22 HPs)
             Began as a Merfolk Air Elementalist on Jan 30, 2024.
             Succumbed to a goblin's poison
             ... on level 2 of the Dungeon.
             The game lasted 00:01:08 (607 turns).

SnakkuSnakku7 the Ducker (Merfolk Air Elementalist)  Turns: 607, Time: 00:01:09

Health: 0/22       AC:  3    Str:  8    XL:     2   Next: 91%
Magic:  3/5        EV: 12    Int: 14    God:
Gold:   66         SH:  0    Dex: 14    Spells: 4/5 levels left

rFire   . .          .
                       - Unarmed
rCold   . . .        (no shield)
rNeg    . . .        l - +0 leather armour
rPois   .            (no helmet)
rElec   .            (no cloak)
rCorr   .            (no gloves)
SInv    .            (no boots)
Will    .....        (no amulet)
Stlth   ++           (no ring)
HPRegen 0.23/turn    (no ring)
MPRegen 0.09/turn

%: no passive effects
@: lethally poisoned (0 -> -18), very slightly contaminated
A: (nimble swimmer 2), mertail
a: no special abilities


You were on level 2 of the Dungeon.
You visited 1 branch of the dungeon, and saw 2 of its levels.

You collected 66 gold pieces.

Inventory:

Armour
 a - a +0 robe
 l - a +0 leather armour (worn)
Jewellery
 k - a ring of wizardry
Scrolls
 d - 2 scrolls of teleportation {unknown}
 g - 3 scrolls of vulnerability {unknown}
 h - a scroll of noise {unknown}
 i - a scroll of revelation {unknown}
 j - a scroll of immolation {unknown}
Potions
 b - a potion of magic
 c - a potion of heal wounds {unknown}
 e - a potion of invisibility {unknown}
 f - a potion of haste {unknown}


   Skills:
 + Level 1.7 Fighting
 - Level 2.6 Dodging
 - Level 2.1 Stealth
 + Level 1.8 Unarmed Combat
 - Level 2.0 Spellcasting
 - Level 0.7 Conjurations
 - Level 2.4 Air Magic


You had 4 spell levels left.
You knew the following spells:

 Your Spells              Type           Power      Damage    Failure   Level
a - Shock                 Conj/Air       20%        1d4       19%         1

Your spell library contained the following spells:

 Spells                   Type           Power      Damage    Failure   Level
 Static Discharge         Conj/Air       10%        3-4/arc   28%         2
 Swiftness                Air            8%         N/A       36%         3
 Summon Ice Beast         Ice/Summ       1%         N/A       71%         3
 Airstrike                Air            4%         2d(1-17)  78%         4
 Summon Mana Viper        Hex/Summ       1%         N/A       100%        5
 Monstrous Menagerie      Summ           0%         N/A       100%        7


Dungeon Overview and Level Annotations

Branches:
Dungeon (2/15)

Altars:


Innate Abilities, Weirdness & Mutations

((You are very nimble when in or above water. (Stealth+, EV+, Speed+++)))
Your lower body shifts to a powerful aquatic tail in water.


Message History

A goblin is nearby!
Found 4 stones.
The goblin hits you with a +0 dagger of venom.
You miss the goblin. The goblin closely misses you.
You closely miss the goblin. You hit the goblin.
The goblin is moderately wounded.
The goblin closely misses you.
You closely miss the goblin.
The goblin is moderately wounded.
The goblin hits you but does no damage.
You are poisoned.
You hit the goblin.
The goblin is severely wounded.
You feel very sick.
The goblin hits you with a +0 dagger of venom.
You are lethally poisoned!
You hit the goblin but do no damage.
The goblin is severely wounded.
You feel very sick. The goblin hits you but does no damage.
You hit the goblin but do no damage.
The goblin is severely wounded.
You feel very sick. The goblin hits you but does no damage.
You are more poisoned.
Aiming: Shock (safe; 19% risk of failure)
Press: ? - help, Q - select action Shift-Dir - straight line You miscast Shock.
You are very lightly contaminated with residual magic.
Nothing appears to happen.
* * * LOW HITPOINT WARNING * * *
You feel very sick. The goblin barely misses you.
Unknown command.
Aiming: Shock (safe; 19% risk of failure)
Press: ? - help, Q - select action Shift-Dir - straight line The zap hits the goblin.
You kill the goblin!
You die...

#########
#......(#
#.......#
#.......# #.
#.......#
#..#.......#
#..........#
#..)@...#
#.......#
#.....<.#
#.......#
#########


There were no monsters in sight!

Vanquished Creatures
  5 ball pythons (D:1)
  A bat (D:1)
  2 endoplasms (D:1)
  A giant cockroach (D:1)
  2 goblins
  2 hobgoblins (D:1)
  A quokka (D:1)
  4 kobolds (D:1)
  3 rats (D:1)
21 creatures vanquished.

Notes
Turn   | Place    | Note
-------+----------+-------------------------------------------
     0 | D:1      | SnakkuSnakku7 the Merfolk Air Elementalist began the quest
                  | for the Orb.
     0 | D:1      | Reached XP level 1. HP: 13/13 MP: 3/3
   139 | D:1      | Reached skill level 1 in Fighting
   139 | D:1      | Reached skill level 1 in Unarmed Combat
   142 | D:1      | Reached XP level 2. HP: 13/21 MP: 0/5
   607 | D:2      | Succumbed to a goblin's poison

Illustrated notes

Levels and vault maps discovered:
D:1:      ebering_hopf_link, layout_rooms, minmay_distorted
D:2:      layout_rooms, basic_altar

Skill      XL: |  1 |
---------------+----+-----
Fighting       | 1 |  1.7
Unarmed Combat | 1 |  1.8
Dodging        | |  2.6
Stealth        | |  2.1
Spellcasting   | |  2.0
Conjurations   | |  0.7
Air Magic      | |  2.4

Action                     || total
---------------------------++-------
  Melee: Unarmed           ||    81
         Punch             ||     2
   Cast: Shock             ||    12
   Stab: Sleeping          ||     1
 Armour: Robe              ||    30
         Leather armour    ||    10
  Dodge: Dodged            ||    62
